 Dungeon Crawl Stone Soup version 0.29.1-1-gd02db6906a (webtiles) character file.

Game seed: 9464107879029871775

231 Linkola the Chiller (level 5, 0/24 (28) HPs)
             Began as a Deep Elf Ice Elementalist on Sept 24, 2022.
             Constricted to death by Ijyb (3 damage)
             ... on level 5 of the Dungeon.
             The game lasted 00:20:16 (3795 turns).

Linkola the Chiller (Deep Elf Ice Elementalist)     Turns: 3795, Time: 00:20:17

HP:   0/24 (28)     AC:  4    Str:  5    XL:     5   Next: 73%
MP:   14/14         EV:  9    Int: 22    God:
Gold: 167           SH:  5    Dex: 15    Spells: 3/14 levels left

rFire   . . .      SeeInvis .   p - staff of cold
rCold   + . .      Faith    .   (no shield)
rNeg    . . .      Spirit   .   a - +0 robe
rPois   .          Reflect  +   (no helmet)
rElec   .          Harm     .   (no cloak)
rCorr   .          Rampage  .   n - +0 pair of gloves
Will    .....                   c - +0 pair of boots
Stlth   ++........              m - amulet of reflection
HPRegen 0.08/turn               v - ring of flight
MPRegen 0.14/turn               (no ring)

@: grasped by roots, flying, constricted, heavily drained
A: no striking features
a: no special abilities


You were on level 5 of the Dungeon.
You visited 1 branch of the dungeon, and saw 5 of its levels.

You collected 167 gold pieces.

Inventory:

Missiles
 d - 31 stones
 o - 6 poisoned darts
 q - 5 boomerangs (quivered)
Armour
 a - a +0 robe (worn)
 c - a +0 pair of boots (worn)
 n - a +0 pair of gloves (worn)
Magical Staves
 i - a staff of air
 p - a staff of cold (weapon)
Jewellery
 m - an amulet of reflection (around neck)
 v - a ring of flight (left hand)
Scrolls
 g - a scroll of enchant weapon
 j - a scroll of enchant armour
 r - a scroll of summoning {unknown}
 w - 2 scrolls of identify
Potions
 b - a potion of magic
 e - a potion of cancellation
 h - 3 potions of curing {unknown}
 k - a potion of lignification {unknown}
 l - a potion of flight {unknown}
 s - a potion of haste {unknown}
 u - 2 potions of might {unknown}


   Skills:
 * Level 2.1 Throwing
 + Level 2.6 Dodging
 + Level 2.6 Stealth
 + Level 0.1 Shields
 + Level 5.0 Spellcasting
 * Level 2.6 Conjurations
 + Level 5.4 Ice Magic


You had 3 spell levels left.
You knew the following spells:

 Your Spells              Type           Power      Damage    Failure   Level
a - Freeze                Ice            100%       1d11      1%          1
b - Frozen Ramparts       Ice            88%        1d14      3%          3
c - Ozocubu's Armour      Ice            44%        N/A       3%          3
d - Hailstorm             Conj/Ice       35%        3d9       19%         4

Your spell library contained the following spells:

 Spells                   Type           Power      Damage    Failure   Level


Dungeon Overview and Level Annotations

Branches:
Dungeon (5/15)
 Temple: D:4-7

Altars:
Okawaru
Sif Muna
Xom

Shops:
D:3 [

Annotations:
D:5 Ijyb


Message History

Found a stone staircase leading up.
Throw: 5 boomerangs
Press: ? - help, Q - select action, (/) - cycle Shift-Dir - straight line, f - Ijyb
Aim: Ijyb, wielding a +0 dagger, wearing a +0 leather armour and carrying a wand of roots (9) (51% to hit)
You throw a boomerang. The boomerang closely misses Ijyb.
An iguana comes into view.
Ijyb screams, "You nasty!
Big nasty!"
Throw: 5 boomerangs
Press: ? - help, Q - select action, (/) - cycle Shift-Dir - straight line, f/p - Ijyb
Aim: Ijyb, wielding a +0 dagger, wearing a +0 leather armour and carrying a wand of roots (9) (51% to hit)
You throw a boomerang. The boomerang barely misses Ijyb.
The iguana hisses angrily.
Ijyb zaps a wand.
The roots erupt in riotous growth!
The grasping roots grab you! The grasping roots constrict you.
You hear a shout!
Throw: 5 boomerangs
Press: ? - help, Q - select action, (/) - cycle Shift-Dir - straight line, f/p - Ijyb
Aim: Ijyb, wielding a +0 dagger, wearing a +0 leather armour and carrying a wand of roots (8) (51% to hit)
You throw a boomerang. The boomerang hits Ijyb.
Ijyb is lightly wounded.
The grasping roots constrict you!
* * * LOW HITPOINT WARNING * * *
Throw: 5 boomerangs
Press: ? - help, Q - select action, (/) - cycle Shift-Dir - straight line, f/p - Ijyb
Aim: Ijyb, wielding a +0 dagger, wearing a +0 leather armour and carrying a wand of roots (8) (lightly wounded, 51% to hit)
You throw a boomerang. The boomerang hits Ijyb.
Ijyb is moderately wounded.
The grasping roots constrict you.
* * * LOW HITPOINT WARNING * * *
The grasping roots release their grip on you.
Throw: 5 boomerangs
Press: ? - help, Q - select action, (/) - cycle Shift-Dir - straight line, f/p - Ijyb
Aim: Ijyb, wielding a +0 dagger, wearing a +0 leather armour and carrying a wand of roots (8) (moderately wounded, 51% to hit)
You throw a boomerang. The boomerang hits Ijyb.
Ijyb is moderately wounded.
Ijyb zaps a wand.
The roots erupt in riotous growth!
The grasping roots grab you!
Ijyb is unaffected.
The grasping roots constrict you.
You die...

.........#
..!......#
.........#
.........+
.........#
.........+
.........#
...l...@#
.......g#
........#
.$..<...#
.......$#
........#
........#
.....[..#


You could see Ijyb and an iguana.

Vanquished Creatures
  A wight (D:4)
  A jelly (D:4)
  An iguana (D:3)
  4 adders
  4 dart slugs
  2 orcs
  5 ball pythons
  4 endoplasms
  3 giant cockroaches
  6 goblins
  4 hobgoblins
  4 jackals
  7 quokkas
  5 bats
  A frilled lizard (D:3)
  15 kobolds
  7 rats
74 creatures vanquished.

Vanquished Creatures (others)
  4 plants (D:1)
4 creatures vanquished.

Grand Total: 78 creatures vanquished

Notes
Turn   | Place    | Note
-------+----------+-------------------------------------------
     0 | D:1      | Linkola the Deep Elf Ice Elementalist began the quest for
                  | the Orb.
     0 | D:1      | Reached XP level 1. HP: 10/10 MP: 6/6
   110 | D:1      | Reached XP level 2. HP: 15/15 MP: 0/8
   708 | D:1      | Reached skill level 1 in Throwing
  1110 | D:2      | Reached skill level 5 in Ice Magic
  1110 | D:2      | Reached XP level 3. HP: 19/19 MP: 6/9
  1114 | D:2      | Learned a level 3 spell: Frozen Ramparts
  1118 | D:2      | Learned a level 3 spell: Ozocubu's Armour
  1275 | D:2      | Reached skill level 1 in Conjurations
  1759 | D:3      | Reached XP level 4. HP: 24/24 MP: 10/12
  1773 | D:3      | Learned a level 4 spell: Hailstorm
  2051 | D:3      | Found an iron altar of Okawaru.
  2231 | D:3      | Found a shimmering altar of Xom.
  2609 | D:3      | Found Mufon's Antique Armour Shop.
  3076 | D:4      | Reached XP level 5. HP: 22/28 MP: 7/14
  3186 | D:4      | Found a shimmering blue altar of Sif Muna.
  3282 | D:4      | Reached skill level 5 in Spellcasting
  3790 | D:5      | Entered Level 5 of the Dungeon
  3790 | D:5      | Noticed Ijyb
  3795 | D:5      | Constricted to death by Ijyb

Illustrated notes

Levels and vault maps discovered:
D:1:      psy_arrival_heroes, layout_basic, serial_bayou_lagoon_a
D:2:      layout_rooms
D:3:      layout_basic, mainiacjoe_overflow_small_starburst,
          mainiacjoe_overflow_concentric_impassable, serial_shops, shop
D:4:      layout_cave_pools, mainiacjoe_overflow_24_doors,
          lemuel_zombie_altar_kikubaaqudgha, chequers_serial_rivers_marsh
D:5:      layout_basic, kennysheep_little_box, minmay_temple_entry_grid,
          gup_sewer_entry_pipe, serial_shops, nicolae_stop_n_shop_1, uniq_ijyb,
          uniq_eustachio, uniq_crazy_yiuf_cottage

Skill      XL: |  1  2  3  4  5 |
---------------+----------------+-----
Throwing       | 1 2 |  2.1
Ice Magic      | 5 |  5.4
Conjurations   | 1 2 |  2.6
Spellcasting   | 4 5 |  5.0
Dodging        | |  2.6
Stealth        | |  2.6
Shields        | |  0.1

Action                   |  1- 3 |  4- 6 || total
-------------------------+-------+-------++-------
Melee: Unarmed           |     7 |       ||     7
       Staff             |     2 |     4 ||     6
Throw: Stone             |    23 |    15 ||    38
       Dart              |       |    12 ||    12
       Boomerang         |       |    40 ||    40
 Cast: Freeze            |    62 |    41 ||   103
       Frozen Ramparts   |       |     3 ||     3
       Ozocubu's Armour  |       |     2 ||     2
  Use: Scroll            |     6 |     3 ||     9
       Potion            |       |     2 ||     2
Armor: Robe              |    10 |    13 ||    23
Dodge: Dodged            |    39 |    50 ||    89
Block: Other             |       |    15 ||    15
